Map: Ultralove

Players

Kinpach

  • Race: Zerg Zerg
  • League: Grandmaster
  • Spawn Location: 1:00

Chinesehunk - Winner!

  • Race: Protoss Protoss
  • League: Master
  • Spawn Location: 7:00

VOD

Have the link to the VOD?

Description

Time

  • Played on: Oct. 20, 2025, 7:26 a.m.
  • Length: 15:08
Show
View Real Time Build Order
Export as new Build Order

Kinpach Zerg 

Build Orders: Hatch First 

Get SALT Encoding   

  12  0:00  Drone  
  13  0:08  Drone  
  13  0:14  Extractor  
  13  0:15  Drone  
  15  0:34  Hatchery  
  14  0:39  Extractor  
  14  0:40  Drone  
  15  0:46  Overlord  
  15  1:01  Spawning Pool  
  14  1:04  Drone  
  14  1:08  Drone  
  16  1:11  Drone  
  17  1:21  Drone  
  18  1:25  Extractor  
  18  1:28  Drone  
  18  1:37  Drone  
  19  1:48  Zergling x2, Queen  
  19  1:50  Queen  
  24  1:56  Overlord  
  24  2:00  Drone  
  25  2:03  Drone  
  26  2:09  Drone  
  26  2:10  Drone  
  28  2:27  Hatchery  
  27  2:32  Metabolic Boost  
  27  2:35  Drone  
  28  2:38  Drone  
  28  2:41  Zergling x2  
  30  2:45  Drone  
  30  2:46  Drone  
  30  2:48  Drone  
  33  2:53  Overlord  
  33  2:57  Drone  
  34  3:05  Roach Warren  
  34  3:06  Drone  
  34  3:09  Drone x2  
  36  3:15  Overlord  
  36  3:17  Drone  
  36  3:19  Drone  
  38  3:26  Drone x2  
  40  3:34  Overlord  
  40  3:37  Drone  
  40  3:39  Queen  
  43  3:43  Drone  
  43  3:44  Extractor  
  43  3:45  Extractor  
  43  3:46  Drone  
  43  3:48  Drone  
  43  3:50  Drone  
  45  3:56  Drone  
  45  4:02  Queen  
  46  4:03  Queen  
  46  4:06  Drone x3  
  56  4:17  Drone x3  
  56  4:18  Drone  
  56  4:22  Drone  
  56  4:24  Lair  
  58  4:28  Overlord x2  
  58  4:46  Overlord x2  
  58  4:48  Roach x7  
  72  4:53  Spore Crawler  
  72  4:54  Spore Crawler  
  72  4:56  Roach x2  
  74  5:00  Overlord  
  74  5:12  Overlord  
  74  5:13  Drone  
  75  5:14  Roach x5  
  85  5:26  Roach x5  
  85  5:27  Overlord  
  95  5:37  Roach x2  
  95  5:39  Overlord  
  99  5:44  Roach x2  
  103  5:51  Queen x2  
  107  5:59  Ravager x6  
  107  6:00  Overlord x2  
  113  6:08  Roach x2  
  113  6:09  Zergling x8  
  121  6:20  Roach x4  
  121  6:23  Roach  
  131  6:33  Queen x2  
  131  6:34  Overlord  
  134  6:46  Zergling x18  
  122  6:58  Zergling x6  
  105  7:08  Spire  
  105  7:10  Queen x3, Extractor  
  105  7:14  Zergling x4  
  61  7:39  Spore Crawler x3  
  61  7:40  Spore Crawler, Drone  
  61  7:41  Drone x3, Spore Crawler  
  61  7:43  Spore Crawler  
  55  7:44  Spore Crawler  
  55  7:46  Queen  
  55  7:52  Drone  
  55  7:53  Drone x2  
  55  7:54  Drone x4  
  62  7:59  Spore Crawler  
  61  8:16  Spore Crawler, Drone x3  
  61  8:17  Spore Crawler  
  61  8:18  Drone  
  63  8:20  Drone  
  63  8:22  Queen  
  66  8:34  Drone x4  
  70  8:48  Corruptor x5  
  74  8:54  Corruptor  
  72  8:58  Drone  
  72  9:01  Corruptor  
  60  9:10  Corruptor  
  60  9:11  Corruptor  
  61  9:20  Corruptor  
  61  9:22  Drone  
  64  9:26  Drone x2  
  64  9:31  Drone x2  
  68  9:33  Drone  
  68  9:35  Zerg Flyer Armor Level 1  
  68  9:38  Drone  
  70  9:49  Drone x4  
  70  9:52  Hatchery  
  73  9:59  Drone x4  
  77  10:04  Drone  
  77  10:05  Drone  
  79  10:07  Extractor x2  
  79  10:14  Drone x3  
  80  10:18  Drone x2  
  80  10:20  Overlord  
  81  10:37  Drone  
  81  10:38  Overlord  
  81  10:39  Overlord  
  81  10:41  Corruptor x4  
  90  10:51  Overlord  
  90  10:52  Overlord  
  90  10:57  Extractor  
  90  11:00  Drone x5, Infestation Pit  
  93  11:04  Extractor  
  93  11:05  Drone x3  
  93  11:06  Drone  
  96  11:11  Corruptor  
  96  11:15  Corruptor  
  100  11:19  Glial Reconstitution  
  100  11:22  Evolution Chamber  
  100  11:25  Drone x4  
  103  11:31  Corruptor  
  97  11:38  Corruptor x2  
  101  11:42  Infestor x2  
  105  11:48  Spine Crawler x2  
  105  11:51  Evolution Chamber  
  105  11:52  Roach  
  104  11:54  Roach  
  104  12:00  Roach x3  
  110  12:06  Roach x2  
  111  12:15  Roach x4  
  114  12:22  Roach x2  
  114  12:33  Drone x6  
  116  12:46  Drone x6  
  122  12:51  Drone x2  
  122  12:52  Drone  
  125  12:59  Zerg Missile Weapons Level 1  
  125  13:01  Hive  
  125  13:07  Hatchery  
  124  13:14  Infestor x2  
  128  13:24  Overlord x3  
  128  13:25  Overlord x2  
  128  13:44  Roach x10  
  148  13:57  Burrow  
  148  14:02  Roach x5  
  158  14:06  Hydralisk Den, Drone x3  
  160  14:10  Drone  
  161  14:21  Drone x5  
  166  14:36  Drone  
  166  14:37  Lurker Den  
  166  14:38  Drone x4  
  170  14:39  Extractor  
  170  14:40  Extractor  
  170  14:42  Roach x3  
  174  14:48  Overlord x2  
Show
View Real Time Build Order
Export as new Build Order

Chinesehunk Protoss - Winner!

Build Orders: 1 Gate Expand, Carrier Rush 

Get SALT Encoding   

  12  0:00  Probe  
  13  0:12  Probe  
  14  0:20  Pylon  
  14  0:24  Probe  
  15  0:36  Probe  
  15  0:39  Gateway  
  16  0:45  Probe  
  17  0:51  Assimilator  
  17  0:54  Probe  
  18  1:06  Probe  
  19  1:18  Probe  
  20  1:26  Nexus  
  20  1:37  Cybernetics Core  
  20  1:39  Probe  
  21  1:44  Assimilator  
  21  1:51  Probe  
  22  1:56  Pylon  
  22  2:03  Probe  
  22  2:05  Adept  
  23  2:15  Probe  
  26  2:21  Warp Gate  
  26  2:27  Probe  
  26  2:29  Stargate  
  27  2:35  Stalker  
  27  2:37  Probe  
  27  2:38  Probe  
  31  2:45  Probe  
  31  2:46  Probe  
  33  2:53  Probe  
  34  2:58  Probe  
  34  2:59  Gateway  
  35  3:05  Probe  
  35  3:11  Probe  
  35  3:12  Pylon  
  37  3:16  Void Ray  
  37  3:22  Probe  
  37  3:26  Probe  
  43  3:31  Assimilator  
  43  3:33  Assimilator  
  43  3:34  Probe  
  43  3:38  Probe  
  45  3:41  Pylon  
  45  3:47  Probe  
  46  3:50  Probe  
  47  3:59  Probe  
  47  4:02  Probe  
  49  4:06  Stargate  
  49  4:07  Fleet Beacon  
  49  4:11  Probe, Pylon  
  49  4:15  Pylon, Probe  
  51  4:23  Protoss Air Weapons Level 1, Probe  
  52  4:30  Adept x2  
  56  4:33  Probe  
  57  4:40  Probe  
  57  4:42  Carrier  
  57  4:43  Pylon  
  58  4:45  Carrier  
  64  4:57  Probe  
  71  5:13  Nexus  
  71  5:16  Pylon  
  71  5:20  Pylon  
  71  5:24  Probe x2  
  73  5:36  Probe x2  
  73  5:42  Twilight Council  
  75  5:43  Forge  
  75  5:46  Robotics Facility  
  75  5:48  Probe x2  
  81  6:00  Void Ray, Probe  
  81  6:03  Flux Vanes  
  86  6:05  Probe  
  86  6:07  Void Ray  
  87  6:12  Probe  
  88  6:20  Shield Battery  
  88  6:22  Shield Battery  
  88  6:25  Shield Battery  
  88  6:29  Probe, Shield Battery  
  88  6:30  Probe  
  88  6:31  Zealot  
  92  6:40  Zealot  
  92  6:51  Void Ray  
  83  7:02  Zealot x2  
  87  7:09  Probe  
  87  7:11  Void Ray  
  87  7:13  Probe  
  87  7:14  Probe  
  90  7:21  Probe  
  86  7:25  Zealot x2  
  86  7:27  Probe  
  93  7:32  Probe  
  93  7:33  Probe  
  93  7:34  Void Ray  
  93  7:37  Pylon  
  93  7:44  Void Ray  
  93  7:47  Probe  
  98  7:54  Probe x2  
  100  8:01  Probe  
  100  8:04  Protoss Air Weapons Level 2  
  101  8:13  Protoss Ground Weapons Level 1  
  101  8:14  Probe, Charge  
  102  8:20  Probe x2  
  102  8:24  Observer  
  102  8:25  Gateway x2  
  105  8:30  Templar Archives, Probe  
  105  8:33  Gateway  
  106  8:34  Gateway  
  106  8:35  Gateway  
  106  8:36  Gateway  
  106  8:39  Gateway  
  106  8:41  Gateway  
  94  9:02  Psionic Storm  
  98  9:10  Probe  
  98  9:11  Probe  
  98  9:15  Void Ray  
  98  9:16  Void Ray  
  104  9:20  Probe  
  104  9:24  Probe  
  106  9:27  Assimilator  
  106  9:30  Assimilator  
  106  9:31  Zealot x5  
  116  9:37  Probe  
  117  9:47  Pylon  
  117  9:49  Pylon x2  
  117  9:50  Pylon  
  117  9:55  Nexus  
  117  9:57  Probe  
  117  10:05  Observer, Probe x2, Carrier x2  
  117  10:06  Pylon  
  120  10:17  Probe  
  120  10:18  Pylon  
  120  10:20  Stargate  
  120  10:21  Stargate  
  133  10:25  Photon Cannon  
  133  10:27  Photon Cannon, Shield Battery  
  133  10:30  Shield Battery  
  133  10:31  High Templar  
  135  10:40  Probe, Photon Cannon  
  135  10:42  Probe, Shield Battery  
  137  10:43  Probe  
  137  10:44  Assimilator  
  137  10:45  Protoss Ground Weapons Level 2  
  137  10:48  High Templar  
  137  10:49  Assimilator  
  140  10:52  Probe  
  141  10:59  Pylon  
  149  11:16  Zealot  
  149  11:18  Mothership  
  151  11:21  Stalker x3  
  157  11:34  Nexus  
  157  11:45  Warp Prism  
  159  11:50  Nexus  
  159  11:54  Carrier  
  159  11:56  Protoss Air Weapons Level 3  
  163  12:03  Void Ray  
  165  12:37  Void Ray  
  165  12:42  Warp Prism  
  167  12:45  Pylon  
  167  12:46  Pylon  
  167  12:47  Void Ray  
  167  12:48  Pylon  
  167  12:52  Void Ray  
  169  13:01  High Templar x2  
  169  13:02  High Templar x3  
  179  13:06  Archon x3  
  179  13:08  High Templar  
  181  13:13  Archon  
  181  13:21  Void Ray  
  185  13:33  Void Ray  
  185  13:34  Void Ray  
  197  13:39  Void Ray  
  193  13:43  Pylon  
  193  13:45  Probe  
  193  13:46  Assimilator  
  192  13:48  Assimilator  
  192  13:50  Pylon  
  192  13:53  Pylon  
  194  14:04  Void Ray  
  194  14:13  Void Ray  
  198  14:44  Nexus  
Tags
 
Add a new tag
Caveats
  • Supply blocks, unpowered buildings, or Contaminate may cause inaccurate times.
  • Supply counts are checked every 10 seconds.